 Dungeon Crawl Stone Soup version 0.17-a0-1435-geafbe2f (webtiles) character file.

55 Kisielow the Slasher (level 3, -2/31 HPs)
             Began as a Minotaur Fighter on June 27, 2015.
             Was an Initiate of Okawaru.
             Slain by a gnoll
             ... wielding a +0 spear
              (5 damage)
             ... on level 2 of the Dungeon.
             The game lasted 00:01:53 (892 turns).

Kisielow the Slasher (Minotaur Fighter)              Turns: 892, Time: 00:01:53

Health: -2/31      AC:  8    Str: 26    XL:     3   Next: 67%
Magic:  2/2        EV:  7    Int:  5    God:    Okawaru [......]
Gold:   20         SH:  9    Dex:  9    Spells: 0 memorised, 2 levels left

rFire  . . .     SeeInvis .     a - +0 long sword
rCold  . . .     Clarity  .     b - +0 scale mail
rNeg   . . .     SustAt   .     c - +0 shield
rPois  .         Gourm    .     (helmet restricted)
rElec  .         Spirit   .     (no cloak)
rCorr  .         Warding  .     h - +0 pair of gloves
rMut   .         Stasis   .     (no boots)
MR     .....                    (no amulet)
Stlth  ..........               (no ring)
                                (no ring)

@: mighty, very slightly contaminated, hasted, very quick, not resistant to
hostile enchantments, extremely unstealthy
A: retaliatory headbutt, horns 2
a: Renounce Religion


You were on level 2 of the Dungeon.
You worshipped Okawaru.
Okawaru was noncommittal.
You were not hungry.

You visited 1 branch of the dungeon, and saw 2 of its levels.

You collected 20 gold pieces.

Inventory:

Hand weapons
 a - a +0 long sword (weapon)
Armour
 b - a +0 scale mail (worn)
 c - a +0 shield (worn)
 h - a +0 pair of gloves (worn)
Scrolls
 g - a scroll of identify {unknown}
 i - a scroll of amnesia {unknown}
 m - a scroll of teleportation {unknown}
Potions
 j - 2 potions of agility {unknown}
 k - 2 potions of curing
 o - a potion of haste
Comestibles
 e - a bread ration
 f - 5 fruits
 l - a slice of pizza
 n - a meat ration
 p - 3 chunks of flesh


   Skills:
 - Level 3.6 Fighting
 + Level 5.0 Long Blades
 - Level 3.6 Armour
 - Level 3.6 Shields


You had 2 spell levels left.
You didn't know any spells.

Dungeon Overview and Level Annotations

Branches:
Dungeon (2/15)

Altars:
Okawaru
Ru
Xom
The Shining One


Innate Abilities, Weirdness & Mutations

You reflexively headbutt those who attack you in melee.
You have a pair of horns on your head.


Message History

You hit the kobold.
You kill the kobold!
You block the gnoll's attack. The gnoll hits you but does no damage.
Items here: $ ( ) † a dagger; 4 stones; 10 gold pieces; a kobold corpse You slash the gnoll!
You kill the gnoll!
Okawaru accepts your kill.
Your Long Blades skill increases to level 5!
The gnoll hits you but does no damage. The gnoll hits you but does no damage.
Things that are here:
a spear; a gnoll corpse The gnoll hits you with a spear.
* * * LOW HITPOINT WARNING * * *
You closely miss the gnoll. You headbutt the gnoll!
The gnoll is almost dead.
The gnoll hits you with a spear.
You die...

#.. # ## #.# .# .#
#.# ##.# # .#
#.##...#.# .#
########.#.......
####
#.....##........#
...#
##.###†##g..[.....
##.# #..#
#.)))@....... ##.#
#..###.##.%.......
##.#
#......###........
##.# #......#
##.....## ##.#
#...>..# #....#
##.# #......#
.....# ##.#
#....#.# ......
>..####.#....#
......
...............+


You could see a gnoll.

Vanquished Creatures
  2 gnolls (D:2)
  An adder (D:2)
  2 giant geckos
  4 bats
  2 giant cockroaches (D:1)
  A goblin (D:1)
  A hobgoblin (D:1)
  3 jackals (D:2)
  A giant newt (D:2)
  5 kobolds
  4 rats
26 creatures vanquished.

Notes
Turn   | Place    | Note
--------------------------------------------------------------
     0 | D:1      | Kisielow the Minotaur Fighter began the quest for the Orb.
     0 | D:1      | Reached XP level 1. HP: 19/19 MP: 0/0
   252 | D:1      | Reached XP level 2. HP: 24/26 MP: 1/1
   768 | D:2      | Found a sacrificial altar of Ru.
   773 | D:2      | Found a glowing golden altar of the Shining One.
   773 | D:2      | Found an iron altar of Okawaru.
   780 | D:2      | Found a shimmering altar of Xom.
   784 | D:2      | Became a worshipper of Warmaster Okawaru
   866 | D:2      | Reached skill level 4 in Long Blades
   877 | D:2      | Reached XP level 3. HP: 15/31 MP: 2/2
   889 | D:2      | Reached skill level 5 in Long Blades
   892 | D:2      | Slain by a gnoll

Vault maps used:
D:1:      dpeg_arrival_pond
D:2:      minitemple

Action                   || total
-------------------------++-------
Melee: Long sword        ||    52
  Use: Potion            ||     3
